Islanders vs Lightning
Created - February 19, 2024 at 20:13
Goals
|
| Islanders |
0 |
4 |
2 |
6 |
| Lightning |
0 |
1 |
1 |
2 |
|
Shots
|
| Islanders |
14 |
11 |
7 |
32 |
| Lightning |
8 |
18 |
10 |
36 |
|
1st period
No Goal
Penalties :
Shayne Gostisbehere (T.B) for Roughing (Minor) at 10:48, Brayden McNabb (NyI) for Tripping (Minor) at 15:12, John Carlson (T.B) for Interference (Minor) at 19:55
2nd period
1. Lightning , Michael Kostka 3 (Shayne Gostisbehere 26, Nikita Kucherov 29) at 3:14 (PP)
2. Islanders , Anze Kopitar 9 (Brock McGinn 14, Brayden McNabb 4) at 8:39
3. Islanders , Ryan Ellis 11 (Brayden Schenn 21) at 8:57 (PP)
4. Islanders , Michael Latta 9 (Jason Akeson 9, Ryan Ellis 39) at 15:28
5. Islanders , Jason Spezza 10 (Ryan Ellis 40) at 19:09 (PP)
Penalties :
Jason Spezza (NyI) for Holding (Minor) at 3:08, Yanni Gourde (T.B) for Hooking (Minor) at 8:46, Victor Hedman (T.B) for Slashing (Minor) at 18:33
3rd period
6. Islanders , Brayden Schenn 19 (Vladimir Tarasenko 29, Nikita Zadorov 8) at 9:51
7. Lightning , Anthony Cirelli 7 (Brock Boeser 24, Michael Kostka 20) at 16:27
8. Islanders , Vladimir Tarasenko 32 (Brayden Schenn 22, Ryan Ellis 41) at 16:37
Penalties :
Jakob Chychrun (T.B) for Hooking (Minor) at 0:41, Victor Hedman (T.B) for Roughing (Minor) at 9:58
Goalie Stats
Tyler Weiman (NyI), 34 saves from 36 shots - (0.944), W, 19-11-1, 60:00 minutes
Alex Nedeljkovic (T.B), 26 saves from 32 shots - (0.813), L, 21-17-3, 60:00 minutes
Players Stats for Islanders
Player Name G A P +/- PIM S H SB GA TA FO MP PP MP PK MP
------------------------------------------------------------------------------------
Andrew Shaw 0 0 0 0 0 1 2 0 0 0 0/0 9:21 0:35 0:00
Anze Kopitar 1 0 1 1 0 1 1 0 0 0 4/9 17:22 3:41 0:45
Brayden McNabb 0 1 1 3 2 2 1 0 0 1 0/0 20:49 3:32 0:06
Brayden Schenn 1 2 3 2 0 5 0 0 0 2 19/35 22:42 4:27 1:20
Brock McGinn 0 1 1 1 0 0 0 0 0 0 0/0 17:23 3:41 0:46
Dylan McIlrath 0 0 0 -1 0 1 1 1 0 0 0/0 11:31 0:00 0:48
Emerson Etem 0 0 0 0 0 1 1 0 0 0 0/0 11:45 0:36 0:07
Jason Akeson 0 1 1 0 0 2 4 1 0 0 0/1 10:35 0:00 0:00
Jason Spezza 1 0 1 1 2 3 3 0 0 0 0/0 16:36 3:41 0:00
Kellan Lain 0 0 0 2 0 3 3 0 0 0 0/0 22:26 4:26 1:12
Melker Karlsson 0 0 0 0 0 1 0 0 0 0 2/3 9:21 0:35 0:00
Michael Latta 1 0 1 0 0 2 0 0 1 0 4/8 10:35 0:00 0:00
Nikita Zadorov 0 1 1 3 0 1 0 1 0 1 0/0 21:30 3:32 0:54
Ryan Ellis 1 3 4 1 0 2 0 0 2 0 0/0 27:47 5:11 1:11
Sergei Plotnikov 0 0 0 0 0 2 0 0 0 0 0/1 8:26 0:00 0:00
Thomas Chabot 0 0 0 -1 0 0 1 1 1 1 0/0 10:43 0:00 0:00
Vladimir Tarasenko 1 1 2 2 0 3 1 0 1 0 0/1 21:14 4:27 0:00
Yann Sauvé 0 0 0 1 0 2 1 1 0 0 0/0 27:47 5:11 1:11
Players Stats for Lightning
Player Name G A P +/- PIM S H SB GA TA FO MP PP MP PK MP
------------------------------------------------------------------------------------
Alex Killorn 0 0 0 -1 0 1 1 0 0 0 0/0 8:30 0:00 1:18
Anthony Cirelli 1 0 1 0 0 3 1 0 0 1 0/0 14:50 0:55 0:00
Brendan Lemieux 0 0 0 -2 0 7 4 0 0 0 0/3 22:11 1:10 4:11
Brock Boeser 0 1 1 0 0 1 2 0 2 0 0/0 14:50 0:55 0:00
Jack Roslovic 0 0 0 0 0 3 1 0 0 0 5/9 15:08 0:55 0:18
Jakob Chychrun 0 0 0 -1 2 1 0 0 0 2 0/0 19:52 1:01 3:11
Jesper Fast 0 0 0 -1 0 0 1 0 0 0 0/0 9:16 0:00 2:04
Jimmy Vesey 0 0 0 0 0 1 1 0 0 0 0/1 11:09 0:00 0:00
John Carlson 0 0 0 -2 2 4 0 1 0 1 0/0 26:23 1:01 4:28
Michael Kostka 1 1 2 0 0 3 0 0 0 1 0/0 19:35 1:04 3:53
Nikita Kucherov 0 1 1 -2 0 5 1 0 1 0 2/2 17:50 1:10 0:00
Noah Hanifin 0 0 0 -1 0 0 0 0 0 0 0/0 13:40 0:00 0:15
Patrice Bergeron 0 0 0 0 0 2 1 0 1 0 3/3 13:40 0:00 2:25
Ryan Getzlaf 0 0 0 -1 0 1 0 0 0 0 5/10 11:50 0:00 4:45
Shayne Gostisbehere 0 1 1 0 2 1 5 0 0 0 0/0 17:34 1:04 1:49
Tyler Kennedy 0 0 0 0 0 1 6 0 0 0 0/0 13:40 0:00 2:25
Victor Hedman 0 0 0 -2 4 1 2 2 1 0 0/0 23:24 0:00 3:50
Yanni Gourde 0 0 0 -2 2 1 2 3 0 0 14/30 17:49 1:10 0:00
3 Stars
1 - Ryan Ellis (NyI)
2 - Brayden Schenn (NyI)
3 - Vladimir Tarasenko (NyI)
Power Play
Islanders - 2 on 6 Attempt(s) - 33.33%
Lightning - 1 on 2 Attempt(s) - 50.00%
Penalty Kill
Islanders - 1 on 2 Attempt(s) - 50.00%
- Score 0 goal in Penalty Kill
Lightning - 4 on 6 Attempt(s) - 66.67%
- Score 0 goal in Penalty Kill
Team Stat
Islanders - Hits : 19 - Faceoff Wins : 29 - Blocked Shots : 5 - Penalty Minutes : 4
Lightning - Hits : 28 - Faceoff Wins : 29 - Blocked Shots : 6 - Penalty Minutes : 12
Official
Referees : Kevin Pollock and Francois St. Laurent
Linesman : Andrew Smith and Brian Mach
Game Notes
No Game Note
Finance
Level 1 -- Attendance: 6000 (100.00%) -- Ticket Income $600,000
Level 2 -- Attendance: 5000 (100.00%) -- Ticket Income $300,000
Level 3 -- Attendance: 2000 (100.00%) -- Ticket Income $70,000
Level 4 -- Attendance: 3891 (97.28%) -- Ticket Income $97,275
Luxury Box -- Attendance: 987 (98.70%) -- Ticket Income $197,400
Game was played at the Amalie Arena.
Total Attendance: 17878 (99.32%)
Total Ticket Income: $1,264,675
Other Income: $189,701
Total Income: $1,454,376
Islanders
5 vs 5 Forward
Center Left Wing Right Wing Time % Phy DF OF
1 Brayden Schenn Kellan Lain Vladimir Tarasenko 40 1 2 2
2 Anze Kopitar Brock McGinn Jason Spezza 30 1 2 2
3 Michael Latta Emerson Etem Jason Akeson 20 1 2 2
4 Melker Karlsson Sergei Plotnikov Andrew Shaw 10 1 2 2
5 vs 5 Defense
Defense Defense Time % Phy DF OF
1 Ryan Ellis Yann Sauvé 40 1 2 2
2 Nikita Zadorov Brayden McNabb 30 1 2 2
3 Dylan McIlrath Thomas Chabot 20 1 2 2
4 Ryan Ellis Yann Sauvé 10 1 2 2
PowerPlay Forward
Center Left Wing Right Wing Time % Phy DF OF
1 Brayden Schenn Kellan Lain Vladimir Tarasenko 60 1 2 2
2 Anze Kopitar Brock McGinn Jason Spezza 40 1 2 2
PowerPlay Defense
Defense Defense Time % Phy DF OF
1 Ryan Ellis Yann Sauvé 60 1 2 2
2 Nikita Zadorov Brayden McNabb 40 1 2 2
Penalty Kill 4 Players Forward
Center Wing Time % Phy DF OF
1 Brayden Schenn Kellan Lain 60 1 2 2
2 Anze Kopitar Brock McGinn 40 1 2 2
Penalty Kill 4 Players Defense
Defense Defense Time % Phy DF OF
1 Ryan Ellis Yann Sauvé 60 1 2 2
2 Nikita Zadorov Brayden McNabb 40 1 2 2
Penalty Kill - 3 Players Forward
Forward Time % Phy DF OF
1 Brayden Schenn 60 1 2 2
2 Anze Kopitar 40 1 2 2
Penalty Kill - 3 Players Defense
Defense Defense Time % Phy DF OF
1 Ryan Ellis Yann Sauvé 60 1 2 2
2 Nikita Zadorov Brayden McNabb 40 1 2 2
4 vs 4 Forward
Center Wing Time % Phy DF OF
1 Brayden Schenn Kellan Lain 60 1 2 2
2 Anze Kopitar Brock McGinn 40 1 2 2
4 vs 4 Defense
Defense Defense Time % Phy DF OF
1 Ryan Ellis Yann Sauvé 60 1 2 2
2 Nikita Zadorov Brayden McNabb 40 1 2 2
Last Minutes Offensive
Center Left Wing Right Wing Defense Defense
Brayden Schenn Kellan Lain Vladimir Tarasenko Ryan Ellis Yann Sauvé
Last Minutes Defensive
Center Left Wing Right Wing Defense Defense
Brayden Schenn Kellan Lain Vladimir Tarasenko Ryan Ellis Yann Sauvé
Goaltenders
Starting : Tyler Weiman
Backup : Joonas Korpisalo
Extra Forwards
Normal : Kellan Lain, Brock McGinn, Emerson Etem - PP : Kellan Lain, Brock McGinn - PK : Kellan Lain
Extra Defensemen
Normal : Brayden McNabb, Dylan McIlrath, Thomas Chabot - PP : Brayden McNabb - PK : Brayden McNabb, Dylan McIlrath
Penalty Shots
Vladimir Tarasenko, Brayden Schenn, Anze Kopitar, Jason Spezza, Kellan Lain
Custom OT Lines Forwards
Vladimir Tarasenko, Brayden Schenn, Anze Kopitar, Jason Spezza, Kellan Lain, Brock McGinn, Emerson Etem, Michael Latta, Jason Akeson, Melker Karlsson
Custom OT Lines Defensemen
Ryan Ellis, Yann Sauvé, Nikita Zadorov, Brayden McNabb, Dylan McIlrath
Scratches
Ben Johnson (Healthy), Christian Fischer (Healthy), Gabriel Carlsson (Healthy), James Livingstone (Healthy)
Lightning
5 vs 5 Forward
Center Left Wing Right Wing Time % Phy DF OF
1 Yanni Gourde Brendan Lemieux Nikita Kucherov 40 1 2 2
2 Jack Roslovic Anthony Cirelli Brock Boeser 30 1 2 2
3 Patrice Bergeron Jimmy Vesey Tyler Kennedy 20 1 2 2
4 Ryan Getzlaf Alex Killorn Jesper Fast 10 1 2 2
5 vs 5 Defense
Defense Defense Time % Phy DF OF
1 John Carlson Victor Hedman 40 1 2 2
2 Michael Kostka Shayne Gostisbehere 30 1 2 2
3 Noah Hanifin Jakob Chychrun 20 1 2 2
4 John Carlson Jakob Chychrun 10 1 2 2
PowerPlay Forward
Center Left Wing Right Wing Time % Phy DF OF
1 Yanni Gourde Brendan Lemieux Nikita Kucherov 60 1 2 2
2 Jack Roslovic Anthony Cirelli Brock Boeser 40 1 2 2
PowerPlay Defense
Defense Defense Time % Phy DF OF
1 John Carlson Jakob Chychrun 60 1 2 2
2 Michael Kostka Shayne Gostisbehere 40 1 2 2
Penalty Kill 4 Players Forward
Center Wing Time % Phy DF OF
1 Ryan Getzlaf Brendan Lemieux 60 1 2 2
2 Patrice Bergeron Tyler Kennedy 40 1 2 2
Penalty Kill 4 Players Defense
Defense Defense Time % Phy DF OF
1 John Carlson Victor Hedman 60 1 2 2
2 Michael Kostka Shayne Gostisbehere 40 1 2 2
Penalty Kill - 3 Players Forward
Forward Time % Phy DF OF
1 Ryan Getzlaf 60 1 2 2
2 Patrice Bergeron 40 1 2 2
Penalty Kill - 3 Players Defense
Defense Defense Time % Phy DF OF
1 John Carlson Victor Hedman 60 1 2 2
2 Michael Kostka Shayne Gostisbehere 40 1 2 2
4 vs 4 Forward
Center Wing Time % Phy DF OF
1 Nikita Kucherov Yanni Gourde 60 1 2 2
2 Brendan Lemieux Ryan Getzlaf 40 1 2 2
4 vs 4 Defense
Defense Defense Time % Phy DF OF
1 John Carlson Victor Hedman 60 1 2 2
2 Michael Kostka Shayne Gostisbehere 40 1 2 2
Last Minutes Offensive
Center Left Wing Right Wing Defense Defense
Yanni Gourde Brendan Lemieux Nikita Kucherov John Carlson Jakob Chychrun
Last Minutes Defensive
Center Left Wing Right Wing Defense Defense
Yanni Gourde Brendan Lemieux Tyler Kennedy John Carlson Shayne Gostisbehere
Goaltenders
Starting : Alex Nedeljkovic
Backup : Marc-André Fleury
Extra Forwards
Normal : Jack Roslovic, Brock Boeser, Jesper Fast - PP : Jack Roslovic, Brock Boeser - PK : Jesper Fast
Extra Defensemen
Normal : Noah Hanifin, Jakob Chychrun, Michael Kostka - PP : Noah Hanifin - PK : Jakob Chychrun, Michael Kostka
Penalty Shots
Nikita Kucherov, Yanni Gourde, Brendan Lemieux, Brock Boeser, Anthony Cirelli
Custom OT Lines Forwards
Nikita Kucherov, Yanni Gourde, Brendan Lemieux, Ryan Getzlaf, Tyler Kennedy, Jimmy Vesey, Jack Roslovic, Brock Boeser, Jesper Fast, Patrice Bergeron
Custom OT Lines Defensemen
John Carlson, Victor Hedman, Michael Kostka, Shayne Gostisbehere, Noah Hanifin
Scratches
Daultan Leveillé (Healthy)
% Time on Ice - Islanders
Lines # - Real PCT - Wanted PCT - Time Play
Normal Forward
1 - 35% - 40% - 17:08
2 - 27% - 30% - 13:03
3 - 22% - 20% - 10:35
4 - 17% - 10% - 8:26
Normal Defense
1 - 39% - 40% - 19:25
2 - 35% - 30% - 17:04
3 - 22% - 20% - 10:43
4 - 4% - 10% - 2:00
PP Forward
1 - 55% - 60% - 4:46
2 - 45% - 40% - 3:57
PP Defense
1 - 59% - 60% - 5:11
2 - 41% - 40% - 3:32
PK Forward
1 - 88% - 60% - 1:50
2 - 12% - 40% - 0:15
PK Defense
1 - 57% - 60% - 1:11
2 - 43% - 40% - 0:54
PK3 Forward
1 - 0% - 60%
2 - 0% - 40%
PK3 Defense
1 - 0% - 60%
2 - 0% - 40%
44 Forward
1 - 0% - 60%
2 - 0% - 40%
44 Defense
1 - 0% - 60%
2 - 0% - 40%
Last Minute Offensive - 0:00
Last Minute Defensive - 0:00
Total
Forward - 60:00
Defense - 60:00
|
% Time on Ice - Lightning
Lines # - Real PCT - Wanted PCT - Time Play
Normal Forward
1 - 35% - 40% - 17:07
2 - 28% - 30% - 14:01
3 - 23% - 20% - 11:09
4 - 14% - 10% - 6:55
Normal Defense
1 - 40% - 40% - 19:51
2 - 30% - 30% - 14:32
3 - 26% - 20% - 13:00
4 - 4% - 10% - 1:49
PP Forward
1 - 56% - 60% - 1:10
2 - 44% - 40% - 0:55
PP Defense
1 - 49% - 60% - 1:01
2 - 51% - 40% - 1:04
PK Forward
1 - 72% - 60% - 6:18
2 - 28% - 40% - 2:25
PK Defense
1 - 68% - 60% - 5:56
2 - 32% - 40% - 2:47
PK3 Forward
1 - 0% - 60%
2 - 0% - 40%
PK3 Defense
1 - 0% - 60%
2 - 0% - 40%
44 Forward
1 - 0% - 60%
2 - 0% - 40%
44 Defense
1 - 0% - 60%
2 - 0% - 40%
Last Minute Offensive - 0:00
Last Minute Defensive - 0:00
Total
Forward - 60:00
Defense - 60:00
|
Play-by-Play
1st period
0:01 of 1st period - Brayden Schenn wins face-off versus Yanni Gourde in neutral zone.
0:06 of 1st period - Snap shot by Kellan Lain.
0:06 of 1st period - Stopped by Alex Nedeljkovic with a rebound.
0:20 of 1st period - Yann Sauvé is hit by Yanni Gourde and loses puck.
0:38 of 1st period - Wrist shot by Brock McGinn.
0:38 of 1st period - Shot Misses the Net.
0:42 of 1st period - Wrist shot by Jason Spezza.
0:42 of 1st period - Stopped by Alex Nedeljkovic without a rebound.
0:43 of 1st period - Patrice Bergeron wins face-off versus Michael Latta in Lightning zone.
0:43 of 1st period - Patrice Bergeron is hit by Emerson Etem.
1:20 of 1st period - Snap shot by Alex Killorn.
1:20 of 1st period - Stopped by Tyler Weiman without a rebound.
1:21 of 1st period - Yanni Gourde wins face-off versus Anze Kopitar in Islanders zone.
1:28 of 1st period - Snap shot by Nikita Kucherov.
1:28 of 1st period - Shot Misses the Net.
1:55 of 1st period - Snap shot by Victor Hedman.
1:55 of 1st period - Stopped by Tyler Weiman with a rebound.
1:57 of 1st period - Slapshot by John Carlson.
1:57 of 1st period - Shot Misses the Net.
2:11 of 1st period - John Carlson is hit by Thomas Chabot and loses puck.
2:32 of 1st period - Melker Karlsson is hit by Jesper Fast.
3:12 of 1st period - Vladimir Tarasenko is hit by Shayne Gostisbehere and loses puck.
3:53 of 1st period - Snap shot by Melker Karlsson.
3:53 of 1st period - Deflect By Sergei Plotnikov.
3:53 of 1st period - Stopped by Alex Nedeljkovic without a rebound.
3:54 of 1st period - Patrice Bergeron wins face-off versus Sergei Plotnikov in Lightning zone.
4:13 of 1st period - Slapshot by Brayden McNabb.
4:13 of 1st period - Shot Misses the Net.
4:35 of 1st period - Snap shot by Melker Karlsson.
4:35 of 1st period - Deflect By Sergei Plotnikov.
4:35 of 1st period - Stopped by Alex Nedeljkovic without a rebound.
4:36 of 1st period - Brayden Schenn wins face-off versus Yanni Gourde in Lightning zone.
5:28 of 1st period - Ryan Getzlaf is hit by Jason Akeson and loses puck.
5:37 of 1st period - Backhand shot by Michael Latta.
5:37 of 1st period - Deflect By Shayne Gostisbehere.
5:37 of 1st period - Shot Misses the Net.
5:37 of 1st period - Puck is out of play.
5:38 of 1st period - Yanni Gourde wins face-off versus Brayden Schenn in Lightning zone.
6:49 of 1st period - Slapshot by Jakob Chychrun.
6:49 of 1st period - Stopped by Tyler Weiman with a rebound.
8:11 of 1st period - Snap shot by Melker Karlsson.
8:11 of 1st period - Stopped by Alex Nedeljkovic with a rebound.
8:13 of 1st period - Slapshot by Dylan McIlrath.
8:13 of 1st period - Stopped by Alex Nedeljkovic without a rebound.
8:14 of 1st period - Brayden Schenn wins face-off versus Yanni Gourde in Lightning zone.
8:31 of 1st period - Snap shot by Nikita Kucherov.
8:31 of 1st period - Stopped by Tyler Weiman without a rebound.
8:32 of 1st period - Jack Roslovic wins face-off versus Anze Kopitar in Islanders zone.
8:45 of 1st period - Snap shot by Brock Boeser.
8:45 of 1st period - Shot Blocked by Yann Sauvé.
8:47 of 1st period - Slapshot by Jack Roslovic.
8:47 of 1st period - Deflect By Brock Boeser.
8:47 of 1st period - Shot Misses the Net.
8:47 of 1st period - Puck is out of play.
8:48 of 1st period - Brayden Schenn wins face-off versus Yanni Gourde in Islanders zone.
9:15 of 1st period - Shayne Gostisbehere is hit by Anze Kopitar and loses puck.
9:40 of 1st period - Slapshot by Brayden McNabb.
9:40 of 1st period - Stopped by Alex Nedeljkovic with a rebound.
9:42 of 1st period - Wrist shot by Yann Sauvé.
9:42 of 1st period - Stopped by Alex Nedeljkovic with a rebound.
9:44 of 1st period - Slapshot by Emerson Etem.
9:44 of 1st period - Shot Blocked by Victor Hedman.
9:46 of 1st period - Slapshot by Yann Sauvé.
9:46 of 1st period - Stopped by Alex Nedeljkovic without a rebound.
9:47 of 1st period - Brayden Schenn wins face-off versus Yanni Gourde in Lightning zone.
9:48 of 1st period - Snap shot by Vladimir Tarasenko.
9:48 of 1st period - Shot Misses the Net.
10:23 of 1st period - Off-side.
10:24 of 1st period - Michael Latta wins face-off versus Brendan Lemieux in neutral zone.
10:26 of 1st period - Off-side.
10:27 of 1st period - Michael Latta wins face-off versus Yanni Gourde in neutral zone.
10:48 of 1st period - Minor Penalty to Shayne Gostisbehere for Roughing.
10:49 of 1st period - Brayden Schenn wins face-off versus Ryan Getzlaf in Lightning zone.
10:54 of 1st period - Snap shot by Vladimir Tarasenko.
10:54 of 1st period - Shot Misses the Net.
10:56 of 1st period - Slapshot by Yann Sauvé.
10:56 of 1st period - Shot Misses the Net.
10:58 of 1st period - Slapshot by Brayden Schenn.
10:58 of 1st period - Stopped by Alex Nedeljkovic with a rebound.
11:06 of 1st period - Snap shot by Vladimir Tarasenko.
11:06 of 1st period - Stopped by Alex Nedeljkovic with a rebound.
11:26 of 1st period - Wrist shot by Anze Kopitar.
11:26 of 1st period - Shot Blocked by John Carlson.
12:44 of 1st period - Michael Kostka is hit by Kellan Lain and loses puck.
12:48 of 1st period - Penalty to Shayne Gostisbehere is over, Shayne Gostisbehere is back on ice.
12:57 of 1st period - Slapshot by Michael Kostka.
12:57 of 1st period - Stopped by Tyler Weiman with a rebound.
13:19 of 1st period - Off-side.
13:20 of 1st period - Patrice Bergeron wins face-off versus Melker Karlsson in neutral zone.
13:47 of 1st period - Nikita Kucherov is hit by Jason Spezza and loses puck.
14:28 of 1st period - Icing by Victor Hedman.
14:29 of 1st period - Jack Roslovic wins face-off versus Michael Latta in Lightning zone.
15:12 of 1st period - Minor Penalty to Brayden McNabb for Tripping.
15:13 of 1st period - Yanni Gourde wins face-off versus Brayden Schenn in Islanders zone.
15:39 of 1st period - Yann Sauvé is hit by Jack Roslovic and loses puck.
15:48 of 1st period - Wrist shot by Jack Roslovic.
15:48 of 1st period - Shot Misses the Net.
15:50 of 1st period - Slapshot by Michael Kostka.
15:50 of 1st period - Stopped by Tyler Weiman without a rebound.
15:51 of 1st period - Yanni Gourde wins face-off versus Brayden Schenn in Islanders zone.
16:18 of 1st period - John Carlson is hit by Dylan McIlrath and loses puck.
17:12 of 1st period - Penalty to Brayden McNabb is over, Brayden McNabb is back on ice.
17:15 of 1st period - Icing by Brayden Schenn.
17:16 of 1st period - Yanni Gourde wins face-off versus Brayden Schenn in Islanders zone.
17:24 of 1st period - Off-side.
17:25 of 1st period - Michael Latta wins face-off versus Jimmy Vesey in neutral zone.
17:47 of 1st period - Slapshot by John Carlson.
17:47 of 1st period - Stopped by Tyler Weiman with a rebound.
18:17 of 1st period - Snap shot by Patrice Bergeron.
18:17 of 1st period - Stopped by Tyler Weiman without a rebound.
18:18 of 1st period - Brayden Schenn wins face-off versus Yanni Gourde in Islanders zone.
18:23 of 1st period - Yann Sauvé is hit by Nikita Kucherov and loses puck.
19:08 of 1st period - Wrist shot by Alex Killorn.
19:08 of 1st period - Shot Misses the Net.
19:10 of 1st period - Wrist shot by Jesper Fast.
19:10 of 1st period - Shot Misses the Net.
19:16 of 1st period - Backhand shot by Ryan Getzlaf.
19:16 of 1st period - Deflect By Jesper Fast.
19:16 of 1st period - Shot Misses the Net.
19:16 of 1st period - Puck is out of play.
19:17 of 1st period - Brayden Schenn wins face-off versus Yanni Gourde in Islanders zone.
19:22 of 1st period - Snap shot by Kellan Lain.
19:22 of 1st period - Stopped by Alex Nedeljkovic with a rebound.
19:24 of 1st period - Slapshot by Vladimir Tarasenko.
19:24 of 1st period - Shot Blocked by Victor Hedman.
19:32 of 1st period - Slapshot by Brayden Schenn.
19:32 of 1st period - Stopped by Alex Nedeljkovic without a rebound.
19:33 of 1st period - Anze Kopitar wins face-off versus Jack Roslovic in Lightning zone.
19:34 of 1st period - Wrist shot by Jason Spezza.
19:34 of 1st period - Stopped by Alex Nedeljkovic with a rebound.
19:55 of 1st period - Minor Penalty to John Carlson for Interference.
19:56 of 1st period - Ryan Getzlaf wins face-off versus Brayden Schenn in Lightning zone.
Goals for this period are 0 for Islanders vs 0 for Lightning.
Shots for this period are 14 for Islanders vs 8 for Lightning.
2nd period
0:01 of 2nd period - Brayden Schenn wins face-off versus Ryan Getzlaf in neutral zone.
0:22 of 2nd period - Ryan Ellis is hit by Victor Hedman and loses puck.
0:29 of 2nd period - Snap shot by Brayden Schenn.
0:29 of 2nd period - Stopped by Alex Nedeljkovic without a rebound.
0:30 of 2nd period - Anze Kopitar wins face-off versus Ryan Getzlaf in Lightning zone.
0:55 of 2nd period - Nikita Zadorov is hit by Tyler Kennedy and loses puck.
1:55 of 2nd period - Penalty to John Carlson is over, John Carlson is back on ice.
2:03 of 2nd period - Icing by Tyler Kennedy.
2:04 of 2nd period - Jack Roslovic wins face-off versus Jason Akeson in Lightning zone.
2:13 of 2nd period - Snap shot by Brock Boeser.
2:13 of 2nd period - Shot Misses the Net.
2:15 of 2nd period - Slapshot by John Carlson.
2:15 of 2nd period - Stopped by Tyler Weiman with a rebound.
2:17 of 2nd period - Snap shot by Anthony Cirelli.
2:17 of 2nd period - Shot Misses the Net.
2:19 of 2nd period - Wrist shot by Anthony Cirelli.
2:19 of 2nd period - Stopped by Tyler Weiman without a rebound.
2:20 of 2nd period - Brayden Schenn wins face-off versus Yanni Gourde in Islanders zone.
2:37 of 2nd period - Ryan Ellis is hit by Brendan Lemieux and loses puck.
2:56 of 2nd period - Wrist shot by Jack Roslovic.
2:56 of 2nd period - Stopped by Tyler Weiman with a rebound.
2:58 of 2nd period - Snap shot by Brock Boeser.
2:58 of 2nd period - Shot Misses the Net.
3:00 of 2nd period - Wrist shot by Brock Boeser.
3:00 of 2nd period - Shot Misses the Net.
3:02 of 2nd period - Wrist shot by Jack Roslovic.
3:02 of 2nd period - Stopped by Tyler Weiman with a rebound.
3:08 of 2nd period - Minor Penalty to Jason Spezza for Holding.
3:09 of 2nd period - Yanni Gourde wins face-off versus Brayden Schenn in Islanders zone.
3:10 of 2nd period - Wrist shot by Nikita Kucherov.
3:10 of 2nd period - Stopped by Tyler Weiman with a rebound.
3:12 of 2nd period - Slapshot by Shayne Gostisbehere.
3:12 of 2nd period - Shot Misses the Net.
3:14 of 2nd period - Backhand shot by Michael Kostka.
3:14 of 2nd period - Goal by Michael Kostka - Islanders : 0 - Lightning : 1.
3:15 of 2nd period - Yanni Gourde wins face-off versus Vladimir Tarasenko in neutral zone.
3:28 of 2nd period - Snap shot by Brendan Lemieux.
3:28 of 2nd period - Stopped by Tyler Weiman with a rebound.
3:30 of 2nd period - Wrist shot by Brendan Lemieux.
3:30 of 2nd period - Stopped by Tyler Weiman with a rebound.
3:32 of 2nd period - Snap shot by Nikita Kucherov.
3:32 of 2nd period - Shot Misses the Net.
4:13 of 2nd period - Off-side.
4:14 of 2nd period - Yanni Gourde wins face-off versus Brayden Schenn in neutral zone.
4:46 of 2nd period - Backhand shot by Ryan Getzlaf.
4:46 of 2nd period - Stopped by Tyler Weiman with a rebound.
5:18 of 2nd period - Snap shot by Jimmy Vesey.
5:18 of 2nd period - Shot Misses the Net.
6:42 of 2nd period - Brock McGinn is hit by Jimmy Vesey and loses puck.
7:51 of 2nd period - Vladimir Tarasenko is hit by Tyler Kennedy and loses puck.
8:09 of 2nd period - Thomas Chabot is hit by Brendan Lemieux and loses puck.
8:18 of 2nd period - Victor Hedman is hit by Andrew Shaw and loses puck.
8:33 of 2nd period - Wrist shot by Jason Spezza.
8:33 of 2nd period - Shot Misses the Net.
8:35 of 2nd period - Slapshot by Brayden McNabb.
8:35 of 2nd period - Stopped by Alex Nedeljkovic with a rebound.
8:39 of 2nd period - Slapshot by Anze Kopitar.
8:39 of 2nd period - Goal by Anze Kopitar - Islanders : 1 - Lightning : 1.
8:40 of 2nd period - Brayden Schenn wins face-off versus Yanni Gourde in neutral zone.
8:46 of 2nd period - Minor Penalty to Yanni Gourde for Hooking.
8:47 of 2nd period - Ryan Getzlaf wins face-off versus Brayden Schenn in Lightning zone.
8:57 of 2nd period - Slapshot by Ryan Ellis.
8:57 of 2nd period - Goal by Ryan Ellis - Islanders : 2 - Lightning : 1.
8:58 of 2nd period - Brayden Schenn wins face-off versus Yanni Gourde in neutral zone.
9:03 of 2nd period - Snap shot by Vladimir Tarasenko.
9:03 of 2nd period - Shot Misses the Net.
10:39 of 2nd period - Slapshot by Sergei Plotnikov.
10:39 of 2nd period - Deflect By Nikita Kucherov.
10:39 of 2nd period - Shot Misses the Net.
10:39 of 2nd period - Puck is out of play.
10:40 of 2nd period - Yanni Gourde wins face-off versus Anze Kopitar in Lightning zone.
11:30 of 2nd period - Nikita Zadorov is hit by Tyler Kennedy and loses puck.
12:11 of 2nd period - Yann Sauvé is hit by Alex Killorn and loses puck.
12:58 of 2nd period - Wrist shot by Jason Akeson.
12:58 of 2nd period - Stopped by Alex Nedeljkovic with a rebound.
13:00 of 2nd period - Wrist shot by Michael Latta.
13:00 of 2nd period - Stopped by Alex Nedeljkovic without a rebound.
13:01 of 2nd period - Yanni Gourde wins face-off versus Brayden Schenn in Lightning zone.
13:01 of 2nd period - Yanni Gourde is hit by Vladimir Tarasenko.
13:17 of 2nd period - Snap shot by Nikita Kucherov.
13:17 of 2nd period - Stopped by Tyler Weiman with a rebound.
13:35 of 2nd period - Slapshot by Jakob Chychrun.
13:35 of 2nd period - Shot Misses the Net.
13:37 of 2nd period - Wrist shot by Anthony Cirelli.
13:37 of 2nd period - Stopped by Tyler Weiman with a rebound.
14:30 of 2nd period - Tyler Kennedy is hit by Jason Spezza and loses puck.
14:37 of 2nd period - Thomas Chabot is hit by Tyler Kennedy and loses puck.
14:42 of 2nd period - Slapshot by John Carlson.
14:42 of 2nd period - Stopped by Tyler Weiman with a rebound.
14:50 of 2nd period - Slapshot by Jimmy Vesey.
14:50 of 2nd period - Stopped by Tyler Weiman with a rebound.
14:52 of 2nd period - Slapshot by Patrice Bergeron.
14:52 of 2nd period - Stopped by Tyler Weiman without a rebound.
14:53 of 2nd period - Nikita Kucherov wins face-off versus Brayden Schenn in Islanders zone.
15:00 of 2nd period - Brendan Lemieux is hit by Yann Sauvé and loses puck.
15:19 of 2nd period - Yann Sauvé is hit by Shayne Gostisbehere and loses puck.
15:28 of 2nd period - Wrist shot by Michael Latta.
15:28 of 2nd period - Goal by Michael Latta - Islanders : 3 - Lightning : 1.
15:29 of 2nd period - Brayden Schenn wins face-off versus Yanni Gourde in neutral zone.
15:46 of 2nd period - Snap shot by Vladimir Tarasenko.
15:46 of 2nd period - Stopped by Alex Nedeljkovic with a rebound.
16:05 of 2nd period - Ryan Ellis is hit by Shayne Gostisbehere and loses puck.
16:18 of 2nd period - Ryan Getzlaf is hit by Jason Akeson and loses puck.
17:01 of 2nd period - Snap shot by Tyler Kennedy.
17:01 of 2nd period - Stopped by Tyler Weiman without a rebound.
17:02 of 2nd period - Brayden Schenn wins face-off versus Brendan Lemieux in Islanders zone.
17:02 of 2nd period - Brayden Schenn is hit by Brendan Lemieux.
17:18 of 2nd period - Snap shot by Brayden Schenn.
17:18 of 2nd period - Shot Misses the Net.
17:50 of 2nd period - Icing by Michael Latta.
17:51 of 2nd period - Ryan Getzlaf wins face-off versus Michael Latta in Islanders zone.
17:52 of 2nd period - Snap shot by Alex Killorn.
17:52 of 2nd period - Shot Blocked by Dylan McIlrath.
17:58 of 2nd period - Shayne Gostisbehere is hit by Jason Akeson and loses puck.
18:03 of 2nd period - Slapshot by Jason Akeson.
18:03 of 2nd period - Deflect By Emerson Etem.
18:03 of 2nd period - Stopped by Alex Nedeljkovic with a rebound.
18:05 of 2nd period - Snap shot by Jason Akeson.
18:05 of 2nd period - Stopped by Alex Nedeljkovic without a rebound.
18:06 of 2nd period - Brayden Schenn wins face-off versus Yanni Gourde in Lightning zone.
18:33 of 2nd period - Minor Penalty to Victor Hedman for Slashing.
18:34 of 2nd period - Brayden Schenn wins face-off versus Brendan Lemieux in Lightning zone.
19:07 of 2nd period - Snap shot by Jason Spezza.
19:07 of 2nd period - Shot Misses the Net.
19:09 of 2nd period - Snap shot by Jason Spezza.
19:09 of 2nd period - Goal by Jason Spezza - Islanders : 4 - Lightning : 1.
19:10 of 2nd period - Yanni Gourde wins face-off versus Brayden Schenn in neutral zone.
19:13 of 2nd period - Kellan Lain is hit by Brendan Lemieux and loses puck.
19:18 of 2nd period - Wrist shot by Nikita Kucherov.
19:18 of 2nd period - Stopped by Tyler Weiman with a rebound.
19:20 of 2nd period - Slapshot by Victor Hedman.
19:20 of 2nd period - Shot Misses the Net.
19:22 of 2nd period - Wrist shot by Brendan Lemieux.
19:22 of 2nd period - Stopped by Tyler Weiman with a rebound.
19:24 of 2nd period - Snap shot by Yanni Gourde.
19:24 of 2nd period - Stopped by Tyler Weiman with a rebound.
19:26 of 2nd period - Slapshot by Nikita Kucherov.
19:26 of 2nd period - Shot Misses the Net.
Goals for this period are 4 for Islanders vs 1 for Lightning.
Shots for this period are 11 for Islanders vs 18 for Lightning.
3rd period
0:01 of 3rd period - Yanni Gourde wins face-off versus Brayden Schenn in neutral zone.
0:29 of 3rd period - Brock McGinn is hit by Anthony Cirelli and loses puck.
0:41 of 3rd period - Minor Penalty to Jakob Chychrun for Hooking.
0:42 of 3rd period - Ryan Getzlaf wins face-off versus Brayden Schenn in Lightning zone.
1:01 of 3rd period - Brendan Lemieux is hit by Kellan Lain and loses puck.
2:41 of 3rd period - Penalty to Jakob Chychrun is over, Jakob Chychrun is back on ice.
3:11 of 3rd period - Emerson Etem is hit by Brock Boeser and loses puck.
5:13 of 3rd period - Icing by Alex Killorn.
5:14 of 3rd period - Jack Roslovic wins face-off versus Anze Kopitar in Lightning zone.
5:45 of 3rd period - Wrist shot by Vladimir Tarasenko.
5:45 of 3rd period - Shot Blocked by Yanni Gourde.
5:47 of 3rd period - Wrist shot by Brayden Schenn.
5:47 of 3rd period - Stopped by Alex Nedeljkovic with a rebound.
5:49 of 3rd period - Snap shot by Yann Sauvé.
5:49 of 3rd period - Shot Misses the Net.
6:27 of 3rd period - Sergei Plotnikov is hit by Victor Hedman and loses puck.
6:40 of 3rd period - Brock Boeser is hit by Jason Spezza and loses puck.
7:01 of 3rd period - Vladimir Tarasenko is hit by Yanni Gourde and loses puck.
7:12 of 3rd period - Slapshot by Vladimir Tarasenko.
7:12 of 3rd period - Shot Blocked by Yanni Gourde.
7:22 of 3rd period - Jimmy Vesey is hit by Jason Akeson.
7:30 of 3rd period - Slapshot by Jimmy Vesey.
7:30 of 3rd period - Shot Blocked by Jason Akeson.
8:10 of 3rd period - Anze Kopitar is hit by Shayne Gostisbehere.
8:16 of 3rd period - Wrist shot by Jack Roslovic.
8:16 of 3rd period - Stopped by Tyler Weiman without a rebound.
8:17 of 3rd period - Brayden Schenn wins face-off versus Yanni Gourde in Islanders zone.
8:21 of 3rd period - Off-side.
8:22 of 3rd period - Yanni Gourde wins face-off versus Brayden Schenn in neutral zone.
8:24 of 3rd period - Jakob Chychrun is hit by Brayden McNabb and loses puck.
9:07 of 3rd period - Wrist shot by Brayden Schenn.
9:07 of 3rd period - Shot Blocked by Yanni Gourde.
9:21 of 3rd period - Backhand shot by Brendan Lemieux.
9:21 of 3rd period - Stopped by Tyler Weiman with a rebound.
9:41 of 3rd period - Snap shot by Vladimir Tarasenko.
9:41 of 3rd period - Shot Misses the Net.
9:47 of 3rd period - Wrist shot by Kellan Lain.
9:47 of 3rd period - Stopped by Alex Nedeljkovic with a rebound.
9:51 of 3rd period - Snap shot by Vladimir Tarasenko.
9:51 of 3rd period - Deflect By Brayden Schenn.
9:51 of 3rd period - Goal by Brayden Schenn - Islanders : 5 - Lightning : 1.
9:52 of 3rd period - Anze Kopitar wins face-off versus Jack Roslovic in neutral zone.
9:58 of 3rd period - Minor Penalty to Victor Hedman for Roughing.
9:59 of 3rd period - Anze Kopitar wins face-off versus Ryan Getzlaf in Lightning zone.
10:41 of 3rd period - Brayden McNabb is hit by Patrice Bergeron and loses puck.
11:26 of 3rd period - Anze Kopitar is hit by Tyler Kennedy.
11:52 of 3rd period - Alex Killorn is hit by Andrew Shaw and loses puck.
11:58 of 3rd period - Penalty to Victor Hedman is over, Victor Hedman is back on ice.
12:35 of 3rd period - Wrist shot by Jimmy Vesey.
12:35 of 3rd period - Shot Blocked by Thomas Chabot.
13:03 of 3rd period - Icing by Victor Hedman.
13:04 of 3rd period - Michael Latta wins face-off versus Ryan Getzlaf in Lightning zone.
13:05 of 3rd period - Snap shot by Jason Akeson.
13:05 of 3rd period - Shot Misses the Net.
13:07 of 3rd period - Slapshot by Nikita Zadorov.
13:07 of 3rd period - Stopped by Alex Nedeljkovic without a rebound.
13:08 of 3rd period - Ryan Getzlaf wins face-off versus Michael Latta in Lightning zone.
13:16 of 3rd period - Off-side.
13:17 of 3rd period - Yanni Gourde wins face-off versus Brayden Schenn in neutral zone.
13:22 of 3rd period - Backhand shot by Brendan Lemieux.
13:22 of 3rd period - Stopped by Tyler Weiman with a rebound.
14:50 of 3rd period - Wrist shot by Jesper Fast.
14:50 of 3rd period - Shot Misses the Net.
14:52 of 3rd period - Snap shot by Nikita Kucherov.
14:52 of 3rd period - Shot Misses the Net.
15:32 of 3rd period - Nikita Zadorov is hit by Tyler Kennedy and loses puck.
16:23 of 3rd period - Snap shot by Anthony Cirelli.
16:23 of 3rd period - Shot Misses the Net.
16:25 of 3rd period - Snap shot by Brock Boeser.
16:25 of 3rd period - Stopped by Tyler Weiman with a rebound.
16:27 of 3rd period - Snap shot by Anthony Cirelli.
16:27 of 3rd period - Goal by Anthony Cirelli - Islanders : 5 - Lightning : 2.
16:28 of 3rd period - Nikita Kucherov wins face-off versus Brayden Schenn in neutral zone.
16:37 of 3rd period - Wrist shot by Vladimir Tarasenko.
16:37 of 3rd period - Goal by Vladimir Tarasenko - Islanders : 6 - Lightning : 2.
16:38 of 3rd period - Brayden Schenn wins face-off versus Yanni Gourde in neutral zone.
16:51 of 3rd period - Snap shot by John Carlson.
16:51 of 3rd period - Stopped by Tyler Weiman with a rebound.
16:53 of 3rd period - Snap shot by Yanni Gourde.
16:53 of 3rd period - Deflect By Nikita Kucherov.
16:53 of 3rd period - Stopped by Tyler Weiman without a rebound.
16:54 of 3rd period - Jack Roslovic wins face-off versus Anze Kopitar in Islanders zone.
17:11 of 3rd period - Snap shot by Brock Boeser.
17:11 of 3rd period - Shot Misses the Net.
17:21 of 3rd period - Nikita Kucherov is hit by Kellan Lain and loses puck.
17:45 of 3rd period - Icing by Victor Hedman.
17:46 of 3rd period - Melker Karlsson wins face-off versus Yanni Gourde in Lightning zone.
17:49 of 3rd period - Snap shot by Andrew Shaw.
17:49 of 3rd period - Stopped by Alex Nedeljkovic without a rebound.
17:50 of 3rd period - Melker Karlsson wins face-off versus Jack Roslovic in Lightning zone.
17:51 of 3rd period - Slapshot by Ryan Ellis.
17:51 of 3rd period - Deflect By Jack Roslovic.
17:51 of 3rd period - Stopped by Alex Nedeljkovic without a rebound.
17:52 of 3rd period - Brayden Schenn wins face-off versus Jack Roslovic in Lightning zone.
18:19 of 3rd period - Brock McGinn is hit by Shayne Gostisbehere and loses puck.
18:28 of 3rd period - Snap shot by Brendan Lemieux.
18:28 of 3rd period - Stopped by Tyler Weiman with a rebound.
18:30 of 3rd period - Slapshot by Shayne Gostisbehere.
18:30 of 3rd period - Stopped by Tyler Weiman with a rebound.
18:32 of 3rd period - Snap shot by Brendan Lemieux.
18:32 of 3rd period - Stopped by Tyler Weiman with a rebound.
19:28 of 3rd period - Nikita Zadorov is hit by Brock Boeser and loses puck.
19:37 of 3rd period - Snap shot by Jack Roslovic.
19:37 of 3rd period - Shot Blocked by Nikita Zadorov.
Goals for this period are 2 for Islanders vs 1 for Lightning.
Shots for this period are 7 for Islanders vs 10 for Lightning.